 Dungeon Crawl Stone Soup version 0.28-a0-925-gd5e1996cdb (webtiles) character file.

Game seed: 6650151732214267746

110279 dolemite99 the Thaumaturge (level 16, -12/125 HPs)
             Began as a Gnoll Earth Elementalist on Nov 27, 2021.
             Was an Elder of Makhleb.
             Mangled by an Executioner (20 damage)
             ... summoned by the player character
             ... on level 2 of the Swamp.
             The game lasted 01:24:18 (43341 turns).

dolemite99 the Thaumaturge (GnEE)                  Turns: 43341, Time: 01:24:19

Health: -12/125    AC: 24    Str: 14    XL:     16   Next: 54%
Magic:  32/32      EV: 16    Int: 23    God:    Makhleb [****..]
Gold:   199        SH:  9    Dex: 14    Spells: 8/39 levels left

rFire   + . .      SeeInvis +   a - +8 rapier "Luclonel" {vamp, Int+4 Stlth+}
rCold   + + .      Faith    +   G - +2 buckler
rNeg    . . .      Spirit   .   N - +5 swamp dragon scales
rPois   +          Reflect  .   U - +1 hat of Fortification {Will+}
rElec   .          Harm     .   (no cloak)
rCorr   .          Rampage  .   (no gloves)
Will    ++...                   u - +2 pair of boots
Stlth   +++++.....              o - amulet of faith
HPRegen 0.30/turn               W - ring of Nematont {rC++ Str+3 SInv}
MPRegen 0.23/turn               F - +4 ring of protection {=R}

@: no status effects
A: fangs 1, strong nose, distributed training, clever 1, fire resistance 1
a: Renounce Religion, Minor Destruction, Lesser Servant of Makhleb, Major
Destruction


You were on level 2 of the Swamp.
You worshipped Makhleb.
Makhleb was greatly pleased with you.
You visited 4 branches of the dungeon, and saw 25 of its levels.
You also visited: Sewer.

You collected 2090 gold pieces.
You spent 1891 gold pieces at shops.

Inventory:

Hand Weapons
 a - the +8 rapier "Luclonel" (weapon) {vamp, Int+4 Stlth+}
   (You found it on level 5 of the Dungeon)

   It occasionally heals its wielder for a portion of the damage dealt when it
   wounds a living foe.
   Int:       It affects your intelligence (+4).
   Stlth:     It makes you more stealthy.
 I - a +2 rapier of flaming
Missiles
 e - 76 sling bullets
 f - 10 curare-tipped darts
 r - 4 silver javelins
 t - 4 throwing nets
 v - 23 poisoned darts
 C - 475 stones
Armour
 u - a +2 pair of boots (worn)
 G - a +2 buckler (worn)
 N - +5 swamp dragon scales (worn)
 U - the +1 hat of Fortification (worn) {Will+}
   (You found it on level 1 of the Lair of Beasts)

   Will:      It increases your willpower.
Magical Staves
 j - a staff of earth
Jewellery
 g - a ring of magical power
 n - a ring of flight
 o - an amulet of faith (around neck)
 x - a ring of wizardry
 y - a ring of protection from fire
 A - a ring of ice
 F - a +4 ring of protection (right hand) {=R}
 J - a ring of positive energy
 R - a ring of protection from fire
 W - the ring of Nematont (left hand) {rC++ Str+3 SInv}
   (You acquired it on level 3 of the Lair of Beasts)

   [ring of see invisible]

   Str:       It affects your strength (+3).
   rC:        It greatly protects you from cold.
   SInv:      It lets you see invisible.
 X - a +4 ring of evasion
 Z - a ring of willpower
Wands
 h - a wand of digging (13)
 B - a wand of polymorph (6)
 E - a wand of flame (16)
 V - a wand of mindburst (18)
Scrolls
 b - a scroll of blinking
 c - 5 scrolls of teleportation
 d - a scroll of enchant weapon
 k - 5 scrolls of amnesia
 m - 4 scrolls of vulnerability
 p - 2 scrolls of fog
 M - 2 scrolls of identify {@r1}
 T - 2 scrolls of torment
Potions
 i - 11 potions of curing
 q - 2 potions of haste
 s - 7 potions of flight
 w - 11 potions of might
 z - a potion of lignification
 D - 3 potions of ambrosia
 H - 3 potions of magic
 L - a potion of brilliance
 P - a potion of attraction
 Q - 2 potions of resistance
 S - 2 potions of invisibility
Miscellaneous
 K - a phial of floods (inert)
 O - a box of beasts
 Y - a condenser vane (inert)


   Skills:
 + Level 11.0 Fighting
 + Level 11.0 Short Blades
 + Level 11.0 Long Blades
 + Level 11.0 Axes
 + Level 11.0 Maces & Flails
 + Level 11.0 Polearms
 + Level 11.0 Staves
 + Level 11.0 Slings
 + Level 11.0 Bows
 + Level 11.0 Crossbows
 + Level 11.0 Throwing
 + Level 11.0 Armour
 + Level 11.9 Dodging
 + Level 11.7 Stealth
 + Level 11.0 Shields
 + Level 11.0 Unarmed Combat
 + Level 12.0 Spellcasting
 + Level 9.2 Conjurations
 + Level 9.2 Hexes
 + Level 9.2 Summonings
 + Level 9.2 Necromancy
 + Level 9.2 Translocations
 + Level 9.5 Transmutations
 + Level 9.2 Fire Magic
 + Level 9.2 Ice Magic
 + Level 9.2 Air Magic
 + Level 10.7 Earth Magic
 + Level 9.2 Poison Magic
 + Level 11.9 Invocations
 + Level 11.0 Evocations


You had 8 spell levels left.
You knew the following spells:

 Your Spells              Type           Power      Damage    Failure   Level
a - Summon Lightning Spi  Summ/Air       54%        N/A       1%          4
b - Olgreb's Toxic Radia  Pois           54%        N/A       1%          4
c - Freezing Cloud        Conj/Ice/Air   27%        6-21      4%          5
d - Stone Arrow           Conj/Erth      100%       3d13      1%          3
e - Poisonous Vapours     Pois/Air       100%       N/A       1%          2
f - Fulminant Prism       Conj/Hex       27%        3d14      1%          4
g - Passwall              Tmut/Erth      47%        N/A       1%          2
h - Mephitic Cloud        Conj/Pois/Air  54%        N/A       1%          3
i - Flame Wave            Conj/Fire      54%        3d10      1%          4

Your spell library contained the following spells:

 Spells                   Type           Power      Damage    Failure   Level
 Apportation              Tloc           100%       N/A       1%          1
 Magic Dart               Conj           100%       1d8       1%          1
 Sandblast                Erth           100%       2d20      1%          1
 Sting                    Tmut/Pois      100%       1d8       1%          1
 Searing Ray              Conj           100%       2d8       1%          2
 Inner Flame              Hex/Fire       54%        N/A       1%          3
 Animate Armour           Summ/Erth      100%       N/A       1%          4
 Cause Fear               Hex            27%        N/A       1%          4
 Hailstorm                Conj/Ice       54%        3d12      1%          4
 Ice Form                 Ice/Tmut       54%        N/A       1%          4
 Leda's Liquefaction      Hex/Erth       28%        N/A       1%          4
 Petrify                  Tmut/Erth      57%        N/A       1%          4
 Alistair's Intoxication  Tmut/Pois      36%        N/A       4%          5
 Iskenderun's Battlesphe  Conj           54%        2d10      4%          5
 Metabolic Englaciation   Hex/Ice        27%        N/A       4%          5
 Iron Shot                Conj/Erth      28%        9d6       21%         6
 Simulacrum               Ice/Necr       27%        N/A       26%         6
 Ozocubu's Refrigeration  Ice            27%        4d10      83%         7
 Spellforged Servitor     Conj/Summ      27%        N/A       83%         7
 Discord                  Hex            27%        N/A       100%        8
 Ignition                 Fire           27%        3d9       100%        8
 Lehudib's Crystal Spear  Conj/Erth      28%        10d7      100%        8


Dungeon Overview and Level Annotations

Branches:
Dungeon (15/15)            Temple (0/1) D:6            Lair (6/6) D:10
  Swamp (2/4) Lair:2       Spider (0/4) Lair:2        Slime (0/5) Lair:6
    Orc (2/2) D:11            Elf (0/3) Orc:2        Vaults (0/5) D:14
 Depths (0/4) D:15          Sewer (visited)

Altars:
Ashenzari
Dithmenos
Elyvilon
Gozag
Kikubaaqudgha
Makhleb
Qazlal
Vehumet
Wu Jian
Xom
Yredelemnul
The Shining One
Beogh
Jiyva

Shops:
D:1 =   D:7 *   Orc:2 !:=(

Portals:
Abyss: Lair:4

Annotations:
D:3 exclusion: downstairs
D:9 exclusion: downstairs
D:15 3 runed translucent doors, Piusagh's ghost, novice FoAK
Lair:4 2 transporters, lunkers's ghost, journeyman DjCA
Lair:6 1 runed translucent door
Swamp:2 Donald
Orc:1 1 runed translucent door, SirDiesAlot's ghost, journeyman MiDe


Innate Abilities, Weirdness & Mutations

You have very sharp teeth.
Your uncanny sense of smell can sniff out nearby items.
Your experience applies equally to all skills.
Your mind is acute. (Int +2)
Your flesh is heat resistant. (rF+)


Message History

* * * LOW HITPOINT WARNING * * *
The Executioner misses you. The Executioner barely misses you.
Your smoke demon hits the bog body but does no damage.
Your smoke demon hits the bog body. x2
The bog body touches your smoke demon but does no damage.
The Executioner hits you but does no damage.
The Executioner closely misses you. The Executioner hits you.
* * * LOW HITPOINT WARNING * * *
You see here a staff of fire.
Found two stone staircases leading up.
The Executioner hits you but does no damage.
You block the Executioner's attack.
The Executioner hits you but does no damage.
Your smoke demon barely misses the bog body.
Your smoke demon hits the bog body. x2; You block the Executioner's attack.
The Executioner hits you but does no damage.
The Executioner hits you.
* * * LOW HITPOINT WARNING * * *
The bog body touches your smoke demon. The bog body freezes your smoke demon!!
Your smoke demon dies!
Your smoke demon disappears in a puff of smoke!
Your surroundings seem slightly different.
Splash!
You fall into the shallow water.
Moving in this stuff is going to be slow.
Found 12 gold pieces, a war axe and a scroll of identify.
Found an escape hatch in the floor.
The eleionoma flows through the trees.
Found Great Wizards, Vol.
VII.
You block the Executioner's attack.
The Executioner hits you but does no damage. x2
The eleionoma hits you but does no damage.
The Executioner hits you but does no damage.
The Executioner completely misses you.
The Executioner hits you but does no damage.
There is a stone staircase leading up here.
The Executioner hits you.
* * * LOW HITPOINT WARNING * * *
The Executioner hits you but does no damage. x2
The Executioner hits you!!
You die...

♣♣♣♣♣ ♣?.)♣ ♣♣.≈.♣♣♣♣♣
♣♣♣.≈§≈..♣≈♣ ♣
♣♣≈≈R≈≈≈≈.<♣♣ ≈
♣..$.@≈≈≈≈≈.♣ .
♣...>.1≈§...♣♣♣ ♣♣♣♣ .
♣..≈≈≈≈≈≈...≈...♣...♣≈.
♣.≈≈≈≈≈≈≈≈§.≈≈..≈.≈≈..≈≈
:≈≈≈≈≈≈...≈x≈≈.♣♣.≈≈.≈≈.
.≈≈≈≈≈≈♣≈.≈≈..≈.≈♣ ∆
♣≈≈≈.≈♣♣♣.≈..♣w≈[♣♣
♣♣♣♣.. .≈...♣|≈≈.♣ ♣♣♣♣
♣.≈ ...♣.♣♣x≈≈♣♣..≈≈


You could see a bunyip, an eleionoma, an Executioner (summoned, fast) and a
tyrant leech.

Vanquished Creatures
  Frances (D:13)
  A dire elephant (Lair:6)
  Nessos (D:15)
  A bunyip (Swamp:1)
  An eleionoma (Swamp:2)
  An ettin (D:12)
  A fire dragon (D:15)
  Josephine (Lair:5)
  A great orb of eyes (D:15)
  An ogre mage (D:10)
  9 hydras
  10 boulder beetles
  Erica (D:10)
  A catoblepas (Lair:6)
  6 centaur warriors
  2 alligators (Swamp:1)
  A death knight (D:13)
  5 two-headed ogres
  3 death yaks
  A deep troll shaman (Lair:6)
  A tengu warrior (D:15)
  4 orc high priests (Orc:2)
  A titan skeleton (D:15)
  2 skeletal warriors (D:15)
  Sonja (Orc:2)
  A goliath frog (Swamp:1)
  A bog body (Swamp:2)
  A lindwurm (Lair:1)
  A necromancer (D:15)
  An orb spider (Lair:2)
  A wizard (D:14)
  2 deep elf pyromancers
  2 orc sorcerers (Orc:1)
  5 cyclopes
  3 ugly things
  A moth of wrath (shapeshifter) (D:14)
  4 manticores
  A will-o-the-wisp (Swamp:1)
  8 elephants
  4 black mambas
  An ice statue (D:15)
  6 cane toads
  2 gargoyles
  A rime drake (Lair:2)
  10 komodo dragons
  2 tengu conjurers (D:15)
  A guardian mummy (D:15)
  4 polar bears
  2 jumping spiders (Lair:1)
  8 trolls
  A hornet (shapeshifter) (D:14)
  4 slime creatures
  3 tyrant leeches
  7 hornets
  5 blink frogs
  A shadow (D:12)
  A redback (Lair:1)
  A water elemental (D:15)
  4 spriggans
  3 vampires
  11 yaks
  4 wyverns
  2 hogs (D:15)
  5 steam dragons
  3 basilisks
  6 wraiths
  Grum (D:9)
  Menkaure (D:7)
  6 wargs
  12 vampire mosquitoes
  6 swamp worms
  2 acid dragons
  14 water moccasins
  2 ice beasts (D:6)
  A black bear (Lair:6)
  11 orc warriors
  A sky beast (D:7)
  A sky beast (shapeshifter) (D:15)
  8 ogres
  16 wolves
  5 centaurs
  A kobold brigand (Sewer)
  3 bullfrogs
  A gnoll sergeant (D:9)
  A wyvern skeleton (D:7)
  5 killer bees
  3 electric eels
  7 howler monkeys
  A lava snake (Lair:1)
  3 hounds
  2 jellies
  3 centaur zombies
  18 orc priests
  2 bullfrog skeletons
  A gnoll shaman (D:4)
  A centaur skeleton (D:5)
  14 orc wizards
  Ijyb (D:4)
  Natasha (thrice) (D:2)
  4 hell rats (Lair:3)
  2 iguanas
  2 killer bee zombies (D:8)
  2 hound skeletons
  A howler monkey skeleton (D:4)
  A howler monkey zombie (D:8)
  6 adders
  8 gnolls
  A white imp (D:6)
  An adder skeleton (D:4)
  3 worms
  2 dart slugs (D:3)
  71 orcs
  7 ball pythons
  8 bats
  7 endoplasms
  7 giant cockroaches
  4 goblins
  6 hobgoblins
  10 jackals
  13 kobolds
  5 quokkas
  3 frilled lizards
  7 rats
  A spectral orc (D:10)
531 creatures vanquished.

Vanquished Creatures (collateral kills)
  A storm dragon (D:12)
  A juggernaut zombie (D:15)
  The ghost of Anno the Frost Mage, a journeyman NaIE of Cheibriados (Lair:2)
  2 hydras
  5 boulder beetles
  A centaur warrior (D:13)
  4 two-headed ogres
  A death yak (Lair:6)
  3 orc high priests (Orc:2)
  A spriggan (Swamp:1)
  4 skeletal warriors (D:15)
  A golden dragon zombie (D:15)
  2 bog bodies (Swamp:1)
  A phantasmal warrior (D:13)
  3 cyclopes (D:12)
  An ugly thing (D:12)
  A manticore (D:12)
  2 elephants
  Joseph (D:10)
  3 gargoyles
  A black mamba (Lair:3)
  A cane toad (Lair:6)
  A freezing wraith (D:13)
  A yaktaur (D:12)
  Maggie (D:10)
  A tengu conjurer (D:15)
  2 tyrant leeches
  2 trolls
  A merfolk (shapeshifter) (D:14)
  3 blink frogs (Lair:6)
  A hornet (Swamp:1)
  4 slime creatures
  2 centaur simulacra
  A spriggan (shapeshifter) (D:14)
  A shadow (D:12)
  A wyvern (Lair:6)
  4 yaks
  A basilisk (Lair:2)
  4 wraiths
  A hog (D:15)
  3 vampire mosquitoes
  An acid dragon (D:10)
  5 swamp worms
  2 wargs
  3 orc warriors
  A black bear (Lair:2)
  A wolf (Lair:2)
  5 centaurs
  4 bullfrogs (Lair:2)
  A tengu zombie (D:15)
  A killer bee (D:9)
  18 orc priests (Orc:2)
  An orc wizard (D:12)
  A hell rat (Lair:3)
  18 orcs
  A bush (Lair:6)
  2 fulminant prisms (D:15)
141 creatures vanquished.

Vanquished Creatures (others)
  Kirke (D:15)
  An ugly thing (D:12)
  A slime creature (D:12)
  A swamp worm (Swamp:1)
  15 fulminant prisms
  32 fungi
  67 plants
  16 withered plants (D:15)
134 creatures vanquished.

Grand Total: 806 creatures vanquished

Notes
Turn   | Place    | Note
-------+----------+-------------------------------------------
     0 | D:1      | dolemite99 the Gnoll Earth Elementalist began the quest for
                  | the Orb.
     0 | D:1      | Reached XP level 1. HP: 13/13 MP: 6/6
    32 | D:1      | Reached XP level 2. HP: 17/20 MP: 4/7
   345 | D:1      | Found Gyfexan's Jewellery Shop.
   683 | D:1      | Reached XP level 3. HP: 22/25 MP: 5/9
   690 | D:1      | Reached skill level 5 in Spellcasting
  1042 | D:1      | Reached skill level 1 in Invocations
  1053 | D:1      | Learned a level 3 spell: Stone Arrow
  1462 | D:2      | Noticed Natasha
  1474 | D:2      | Killed Natasha
  1475 | D:2      | Reached skill level 1 in Fighting
  1475 | D:2      | Reached skill level 1 in Short Blades
  1475 | D:2      | Reached skill level 1 in Long Blades
  1475 | D:2      | Reached skill level 1 in Axes
  1475 | D:2      | Reached skill level 1 in Maces & Flails
  1475 | D:2      | Reached skill level 1 in Polearms
  1475 | D:2      | Reached skill level 1 in Staves
  1475 | D:2      | Reached skill level 1 in Slings
  1475 | D:2      | Reached skill level 1 in Bows
  1475 | D:2      | Reached skill level 1 in Crossbows
  1475 | D:2      | Reached skill level 1 in Throwing
  1475 | D:2      | Reached skill level 1 in Armour
  1475 | D:2      | Reached skill level 1 in Shields
  1475 | D:2      | Reached skill level 1 in Unarmed Combat
  1475 | D:2      | Reached skill level 1 in Evocations
  1475 | D:2      | Reached XP level 4. HP: 26/32 MP: 9/11
  1833 | D:2      | Noticed Natasha
  1851 | D:2      | Identified a scroll of acquirement
  1851 | D:2      | Acquired a staff of earth
  1862 | D:2      | Gained mutation: Your flesh is heat resistant. (rF+)
                  | [potion of mutation]
  1862 | D:2      | Gained mutation: Your mind is acute. (Int +2) [potion of
                  | mutation]
  1875 | D:2      | Killed Natasha
  1876 | D:2      | Reached skill level 1 in Conjurations
  1876 | D:2      | Reached skill level 1 in Hexes
  1876 | D:2      | Reached skill level 1 in Summonings
  1876 | D:2      | Reached skill level 1 in Necromancy
  1876 | D:2      | Reached skill level 1 in Translocations
  1876 | D:2      | Reached skill level 1 in Fire Magic
  1876 | D:2      | Reached skill level 1 in Ice Magic
  1876 | D:2      | Reached skill level 1 in Air Magic
  1876 | D:2      | Reached skill level 1 in Poison Magic
  2450 | D:2      | Noticed Natasha
  2509 | D:2      | Killed Natasha
  2510 | D:2      | Reached XP level 5. HP: 37/37 MP: 10/12
  2954 | D:3      | Got Sif Muna's Compendium of Weightlessness
  3007 | D:3      | Found a burning altar of Makhleb.
  3133 | D:3      | Became a worshipper of Makhleb the Destroyer
  3322 | D:3      | Found a stormy altar of Qazlal.
  3322 | D:3      | Found a broken altar of Ashenzari.
  3322 | D:3      | Found a white marble altar of Elyvilon.
  4015 | D:4      | Found a radiant altar of Vehumet.
  4052 | D:4      | Reached XP level 6. HP: 44/44 MP: 11/13
  4107 | D:4      | Found a glowing drain.
  4126 | Sewer    | Entered a sewer
  4133 | Sewer    | Reached * piety under Makhleb
  4373 | Sewer    | Reached skill level 5 in Dodging
  4523 | Sewer    | Found a glowing silver altar of Zin.
  4674 | D:4      | Reached XP level 7. HP: 37/50 MP: 6/15
  4923 | D:4      | Noticed Ijyb
  4929 | D:4      | Killed Ijyb
  5349 | D:5      | Entered Level 5 of the Dungeon
  5388 | D:5      | Learned a level 2 spell: Poisonous Vapours
  5392 | D:5      | Learned a level 3 spell: Mephitic Cloud
  5453 | D:5      | Reached skill level 5 in Stealth
  6179 | D:5      | Reached XP level 8. HP: 54/57 MP: 6/16
  6371 | D:5      | Identified the +8 rapier "Luclonel" {vamp, Int+4 Stlth+}
  6792 | D:6      | Found a shadowy altar of Dithmenos.
  6796 | D:6      | Reached ** piety under Makhleb
  6797 | D:6      | Reached skill level 6 in Spellcasting
  6966 | D:6      | Found a staircase to the Ecumenical Temple.
  8255 | D:7      | Found a shimmering altar of Xom.
  8442 | D:7      | Reached XP level 9. HP: 63/65 MP: 14/18
  8896 | D:7      | Noticed Menkaure
  8902 | D:7      | Killed Menkaure
  9080 | D:7      | Found Ramogax's Assorted Antiques.
  9086 | D:7      | Bought a scroll of teleportation for 102 gold pieces
  9086 | D:7      | Bought an iron wand for 136 gold pieces
  9088 | D:7      | Bought a scroll labelled HAAWKA MAQUR for 34 gold pieces
  9088 | D:7      | Bought an emerald potion for 30 gold pieces
  9088 | D:7      | Bought a scroll of identify for 68 gold pieces
  9088 | D:7      | Bought an emerald potion for 30 gold pieces
  9590 | D:8      | Learned a level 4 spell: Summon Lightning Spire
  9782 | D:8      | Found a glowing golden altar of the Shining One.
 10666 | D:9      | Found an ornate altar of the Wu Jian Council.
 10687 | D:9      | Found an ancient bone altar of Kikubaaqudgha.
 10720 | D:9      | Reached skill level 5 in Invocations
 10730 | D:9      | Noticed Grum
 10740 | D:9      | Killed Grum
 10741 | D:9      | Reached skill level 7 in Spellcasting
 10900 | D:9      | Reached XP level 10. HP: 69/73 MP: 16/20
 11079 | D:9      | Reached *** piety under Makhleb
 11244 | D:9      | Noticed a centaur warrior
 11258 | D:9      | Killed a centaur warrior
 11259 | D:9      | Reached skill level 5 in Fighting
 11259 | D:9      | Reached skill level 5 in Short Blades
 11259 | D:9      | Reached skill level 5 in Long Blades
 11259 | D:9      | Reached skill level 5 in Axes
 11259 | D:9      | Reached skill level 5 in Maces & Flails
 11259 | D:9      | Reached skill level 5 in Polearms
 11259 | D:9      | Reached skill level 5 in Staves
 11259 | D:9      | Reached skill level 5 in Slings
 11259 | D:9      | Reached skill level 5 in Bows
 11259 | D:9      | Reached skill level 5 in Crossbows
 11259 | D:9      | Reached skill level 5 in Throwing
 11259 | D:9      | Reached skill level 5 in Armour
 11259 | D:9      | Reached skill level 5 in Shields
 11259 | D:9      | Reached skill level 5 in Unarmed Combat
 11259 | D:9      | Reached skill level 5 in Evocations
 11386 | D:9      | Reached skill level 5 in Transmutations
 11694 | D:10     | Entered Level 10 of the Dungeon
 11694 | D:10     | Noticed Maggie
 11790 | D:10     | Killed Maggie
 11793 | D:10     | Noticed Joseph
 11810 | D:10     | Killed Joseph
 11815 | D:10     | Reached XP level 11. HP: 29/81 MP: 22/22
 12323 | D:10     | Found a basalt altar of Yredelemnul.
 12562 | D:10     | Noticed Erica
 12563 | D:10     | Noticed a two-headed ogre
 12571 | D:10     | Killed Erica
 12572 | D:10     | Reached skill level 5 in Conjurations
 12572 | D:10     | Reached skill level 5 in Hexes
 12572 | D:10     | Reached skill level 5 in Summonings
 12572 | D:10     | Reached skill level 5 in Necromancy
 12572 | D:10     | Reached skill level 5 in Translocations
 12572 | D:10     | Reached skill level 5 in Fire Magic
 12572 | D:10     | Reached skill level 5 in Ice Magic
 12572 | D:10     | Reached skill level 5 in Air Magic
 12572 | D:10     | Reached skill level 5 in Poison Magic
 12572 | D:10     | Noticed a two-headed ogre
 12587 | D:10     | Noticed a two-headed ogre
 12589 | D:10     | Killed a two-headed ogre
 12590 | D:10     | Reached skill level 8 in Spellcasting
 12595 | D:10     | Killed a two-headed ogre
 12654 | D:10     | Noticed an ogre mage
 12658 | D:10     | Noticed a two-headed ogre
 12661 | D:10     | Killed an ogre mage
 12676 | D:10     | Killed a two-headed ogre
 13196 | D:10     | You are sucked into a shaft and drop 2 floors!
 13202 | D:12     | Noticed a cyclops
 13248 | D:11     | Noticed a two-headed ogre
 13259 | D:11     | Killed a two-headed ogre
 13745 | D:11     | Found a staircase to the Orcish Mines.
 14082 | D:10     | Found a staircase to the Lair.
 14245 | D:10     | You are sucked into a shaft and drop 2 floors!
 14270 | D:11     | Noticed a cyclops
 14643 | D:11     | Killed a cyclops
 15383 | D:1      | Bought a ring of protection from fire for 275 gold pieces
 15622 | Lair:1   | Entered Level 1 of the Lair of Beasts
 15689 | Lair:1   | Reached XP level 12. HP: 89/89 MP: 24/24
 15703 | Lair:1   | Found a runed translucent door.
 16702 | Lair:2   | Found a runed translucent door.
 16870 | Lair:2   | Found a staircase to the Swamp.
 17298 | Lair:2   | Reached skill level 9 in Spellcasting
 17402 | Lair:2   | Found a hole to the Spider Nest.
 17683 | Lair:3   | Acquired the ring of Nematont {rC++ Str+3 SInv}
 17860 | Lair:3   | Reached **** piety under Makhleb
 18006 | Lair:3   | Got Raup's Almanac of the Stork
 18129 | Lair:3   | You fall into a shaft and drop 3 floors!
 18129 | Lair:6   | Entered Level 6 of the Lair of Beasts
 18697 | Lair:6   | Reached XP level 13. HP: 98/98 MP: 26/26
 19928 | Lair:4   | Noticed a rakshasa
 20054 | Lair:4   | Found a transporter.
 20054 | Lair:4   | Found a transporter.
 20054 | Lair:4   | Found a one-way gate to the infinite horrors of the Abyss.
 20334 | Lair:4   | Noticed lunkers's ghost (journeyman DjCA)
 20929 | Lair:5   | Found an opulent altar of Gozag.
 21093 | Lair:5   | Noticed Josephine
 21104 | Lair:5   | Killed Josephine
 21537 | Lair:6   | Found a runed translucent door.
 21538 | Lair:6   | Found a viscous altar of Jiyva.
 21538 | Lair:6   | Found a staircase to the Slime Pits.
 21538 | Lair:6   | Noticed an azure jelly
 21538 | Lair:6   | Noticed an azure jelly
 21538 | Lair:6   | Noticed an azure jelly
 22099 | Lair:6   | Reached skill level 10 in Spellcasting
 22571 | Lair:6   | Noticed a dire elephant
 22588 | Lair:6   | Killed a dire elephant
 23263 | Lair:2   | Noticed Anno's ghost (journeyman NaIE)
 23417 | D:12     | Reached skill level 10 in Dodging
 23417 | D:12     | Reached XP level 14. HP: 54/106 MP: 21/28
 23983 | D:12     | Reached skill level 10 in Stealth
 24870 | D:12     | Reached skill level 10 in Invocations
 25602 | Orc:1    | Entered Level 1 of the Orcish Mines
 25803 | Orc:1    | Learned a level 4 spell: Olgreb's Toxic Radiance
 26050 | Orc:2    | Entered Level 2 of the Orcish Mines
 26481 | Orc:2    | Found a staircase to the Elven Halls.
 27603 | Orc:2    | Learned a level 2 spell: Passwall
 27821 | Orc:2    | Reached ***** piety under Makhleb
 28602 | Orc:2    | Noticed Sonja
 28604 | Orc:2    | Killed Sonja
 28944 | Orc:2    | Found a burning altar of Makhleb.
 29142 | Orc:2    | Found Ehazen's Antique Weapon Shoppe.
 29142 | Orc:2    | Found Ungusm's Jewellery Shop.
 29222 | Orc:2    | Found Ytiecsat's Book Shoppe.
 29222 | Orc:2    | Found Eridam's Distillery.
 29250 | Orc:2    | Bought a potion of resistance for 160 gold pieces
 29250 | Orc:2    | Bought a potion of might for 64 gold pieces
 29250 | Orc:2    | Bought a potion of might for 64 gold pieces
 29250 | Orc:2    | Bought a potion of might for 64 gold pieces
 29250 | Orc:2    | Bought a potion of curing for 48 gold pieces
 29250 | Orc:2    | Bought a potion of flight for 48 gold pieces
 29250 | Orc:2    | Bought a potion of flight for 48 gold pieces
 29259 | Orc:2    | Bought a book of Conjurations for 280 gold pieces
 29265 | Orc:2    | Learned a level 4 spell: Fulminant Prism
 29729 | Orc:1    | Found a runed translucent door.
 29729 | Orc:1    | Noticed SirDiesAlot's ghost (journeyman MiDe)
 30096 | D:11     | Learned a level 4 spell: Flame Wave
 30200 | D:12     | Noticed a storm dragon
 30260 | D:12     | Killed a storm dragon
 30864 | D:12     | Reached XP level 15. HP: 90/115 MP: 12/29
 31092 | D:12     | Reached skill level 11 in Spellcasting
 31408 | D:12     | Learned a level 5 spell: Freezing Cloud
 31719 | D:13     | Reached skill level 10 in Earth Magic
 31931 | D:13     | Noticed Frances
 31953 | D:13     | Killed Frances
 32614 | D:13     | Reached skill level 10 in Fighting
 32614 | D:13     | Reached skill level 10 in Short Blades
 32614 | D:13     | Reached skill level 10 in Long Blades
 32614 | D:13     | Reached skill level 10 in Axes
 32614 | D:13     | Reached skill level 10 in Maces & Flails
 32614 | D:13     | Reached skill level 10 in Polearms
 32614 | D:13     | Reached skill level 10 in Staves
 32614 | D:13     | Reached skill level 10 in Slings
 32614 | D:13     | Reached skill level 10 in Bows
 32614 | D:13     | Reached skill level 10 in Crossbows
 32614 | D:13     | Reached skill level 10 in Throwing
 32614 | D:13     | Reached skill level 10 in Armour
 32614 | D:13     | Reached skill level 10 in Shields
 32614 | D:13     | Reached skill level 10 in Unarmed Combat
 32614 | D:13     | Reached skill level 10 in Evocations
 34997 | D:14     | Found a gate to the Vaults.
 35054 | D:14     | Found an ancient bone altar of Kikubaaqudgha.
 35626 | D:15     | Entered Level 15 of the Dungeon
 35755 | D:15     | Noticed Nessos
 35834 | D:15     | Found a runed translucent gate.
 35834 | D:15     | Found a runed translucent gate.
 35835 | D:15     | Found a runed translucent gate.
 35836 | D:15     | Noticed Piusagh's ghost (novice FoAK)
 35981 | D:15     | Noticed Kirke
 35994 | D:15     | Noticed a sphinx
 36010 | D:15     | Killed Kirke
 36028 | D:15     | Found a staircase to the Depths.
 36848 | D:15     | Killed Nessos
 37719 | D:1      | Bought an amulet of faith for 440 gold pieces
 38041 | Lair:1   | Identified the +1 hat of Fortification {Will+}
 38043 | Lair:1   | Found a runed translucent gate.
 38043 | Lair:1   | Found a runed translucent gate.
 38043 | Lair:1   | Found a runed translucent gate.
 38043 | Lair:1   | Found a runed translucent gate.
 38043 | Lair:1   | Found a runed translucent gate.
 38043 | Lair:1   | Found a runed translucent gate.
 38241 | Lair:2   | Killed Anno's ghost
 38553 | Lair:2   | Reached XP level 16. HP: 123/123 MP: 15/31
 38725 | Swamp:1  | Entered Level 1 of the Swamp
 42124 | Swamp:1  | Reached skill level 12 in Spellcasting
 43305 | Swamp:2  | Noticed Donald
 43308 | Swamp:2  | Noticed an Executioner
 43341 | Swamp:2  | Mangled by an Executioner

Illustrated notes

Levels and vault maps discovered:
D:1:      psy_arrival_fountain, layout_loops_cross, serial_shops,
          nicolae_shop_competitors_out_of_business, grunt_decor_one_mirror
D:2:      layout_basic, minmay_strange_pillars, uniq_natasha
D:3:      layout_loops_ring, gammafunk_temple_overflow_claw,
          lightli_temple_of_fire
D:4:      layout_basic, kennysheep_slug_shrine,
          mainiacjoe_overflow_cross_hatched, nicolae_overflow_hidden_temple,
          gup_sewer_entry_bubbles, uniq_ijyb
D:5:      layout_rooms, kennysheep_generic_room_8
D:6:      kennysheep_steamy, layout_basic, grunt_dithmenos_smoke_and_mirrors,
          minmay_temple_entry_slanted, hangedman_abyss_or_decor_lesser_grid
D:7:      layout_basic, mainiacjoe_overflow_concentric_impassable, serial_shops,
          nicolae_shop_stone, uniq_menkaure
D:8:      layout_loops_ring, mainiacjoe_overflow_alcove_1
D:9:      layout_rooms, mainiacjoe_overflow_alcove_2,
          nicolae_wu_jian_immortal_techniques, uniq_grum
D:10:     layout_rooms, yredelemnul_forgotten_temple_becter, lair_entry_dummy,
          uniq_maggie, uniq_erica, uniq_joseph
D:11:     layout_loops_cross, david_orc_2
D:12:     nzn_winding_woodlands_large [nzn_winding_woodlands_5x5_cross,
          nzn_winding_woodlands_5x15_cabin, nzn_winding_woodlands_5x5_default,
          nzn_winding_woodlands_center_triple_pond,
          nzn_winding_woodlands_15x15_killbox,
          nzn_winding_woodlands_center_diamonds,
          nzn_winding_woodlands_hourglass, nzn_winding_woodlands_5x15_pool,
          nzn_winding_woodlands_5x5_perimeter], layout_basic
D:13:     minmay_general_purpose_star, layout_basic, uniq_frances
D:14:     layout_cave_pods, david_vaults_2, small_statue_intersection,
          minmay_strange_pillars, kiku_gazebo_garden_becter
D:15:     gammafunk_depths_entry_grave, layout_loops_ring,
          gammafunk_ghost_necromancy, portal_ice_cave_entry_ice_statue_one,
          serial_bayou_pond_b, hangedman_decor_opposing, uniq_kirke, uniq_nessos
Lair:1:   gammafunk_indiana_jones, layout_chaotic_city, lemuel_fruit_fields
Lair:2:   layout_regular_city, swamp_mist, nicolae_spider_entry_orb_guardian,
          ebering_ghost_reflecting_pool, nicolae_lair_lakeside_cave
Lair:3:   layout_gridlike, hibernation_bobbens, grunt_megastairs_3
Lair:4:   layout_loops_ring, gammafunk_ghost_abyssal_escape
Lair:5:   layout_small_grid, basic_altar, uniq_josephine
Lair:6:   grunt_lair_end_beastmaster, layout_small_grid, slime_altar_2,
          serial_bayou_shore_a
Swamp:1:  layout_basic_swamp, hangedman_swamp_ruin_hall
Swamp:2:  layout_basic_swamp, hangedman_swamp_lotus, uniq_donald
Orc:1:    layout_diamond_mine, hellmonk_ghost_happy_afterlife
Orc:2:    st_orc_town, layout_caves, nicolae_volcano_entry_hallway,
          lemuel_statue_altar, nicolae_orc_bridge_out, uniq_sonja

Skill      XL: |  1  2  3  4  5  6  7  8  9 10 11 12 13 14 15 16 |
---------------+-------------------------------------------------+-----
Transmutations | 2 3 4 5 6 7 8 9 |  9.5
Spellcasting   | 5 6 7 8 9 10 11 12 | 12.0
Invocations    | 1 2 3 4 5 6 7 8 9 10 11 | 11.9
Fighting       | 1 2 3 4 5 6 7 8 9 10 11 | 11.0
Short Blades   | 1 2 3 4 5 6 7 8 9 10 11 | 11.0
Long Blades    | 1 2 3 4 5 6 7 8 9 10 11 | 11.0
Axes           | 1 2 3 4 5 6 7 8 9 10 11 | 11.0
Maces & Flails | 1 2 3 4 5 6 7 8 9 10 11 | 11.0
Polearms       | 1 2 3 4 5 6 7 8 9 10 11 | 11.0
Staves         | 1 2 3 4 5 6 7 8 9 10 11 | 11.0
Slings         | 1 2 3 4 5 6 7 8 9 10 11 | 11.0
Bows           | 1 2 3 4 5 6 7 8 9 10 11 | 11.0
Crossbows      | 1 2 3 4 5 6 7 8 9 10 11 | 11.0
Throwing       | 1 2 3 4 5 6 7 8 9 10 11 | 11.0
Armour         | 1 2 3 4 5 6 7 8 9 10 11 | 11.0
Shields        | 1 2 3 4 5 6 7 8 9 10 11 | 11.0
Unarmed Combat | 1 2 3 4 5 6 7 8 9 10 11 | 11.0
Evocations     | 1 2 3 4 5 6 7 8 9 10 11 | 11.0
Conjurations   | 1 2 3 4 5 6 7 8 9 |  9.2
Hexes          | 1 2 3 4 5 6 7 8 9 |  9.2
Summonings     | 1 2 3 4 5 6 7 8 9 |  9.2
Necromancy     | 1 2 3 4 5 6 7 8 9 |  9.2
Translocations | 1 2 3 4 5 6 7 8 9 |  9.2
Fire Magic     | 1 2 3 4 5 6 7 8 9 |  9.2
Ice Magic      | 1 2 3 4 5 6 7 8 9 |  9.2
Air Magic      | 1 2 3 4 5 6 7 8 9 |  9.2
Poison Magic   | 1 2 3 4 5 6 7 8 9 |  9.2
Dodging        | 5 6 7 8 9 10 11 | 11.9
Stealth        | 5 6 7 8 9 10 11 | 11.7
Earth Magic    | 6 7 8 9 10 | 10.7

Action                   |  1- 3 |  4- 6 |  7- 9 | 10-12 | 13-15 | 16-18 || total
-------------------------+-------+-------+-------+-------+-------+-------++-------
Melee: Short sword       |    23 |     5 |       |       |       |       ||    28
       Bite              |     4 |     3 |     7 |    16 |    54 |    12 ||    96
       Staff             |       |    51 |    51 |       |       |       ||   102
       Punch             |       |       |     1 |     6 |    16 |       ||    23
       Rapier            |       |       |    10 |   235 |   441 |   115 ||   801
 Fire: Hunting sling     |       |       |    73 |     1 |       |       ||    74
Throw: Dart              |       |       |     3 |   138 |       |       ||   141
 Cast: Sandblast         |    36 |    67 |    81 |     1 |    90 |       ||   275
       Stone Arrow       |       |     5 |    26 |    50 |    83 |    32 ||   196
       Poisonous Vapours |       |       |    46 |    33 |     7 |       ||    86
       Summon Lightning  |       |       |       |    32 |    98 |    27 ||   157
       Olgreb's Toxic Ra |       |       |       |       |    98 |    23 ||   121
       Fulminant Prism   |       |       |       |       |    15 |     2 ||    17
       Freezing Cloud    |       |       |       |       |    10 |    15 ||    25
       Mephitic Cloud    |       |       |       |       |     2 |       ||     2
Invok: Minor Destruction |       |       |     3 |     9 |     2 |       ||    14
       Lesser Servant of |       |       |       |     6 |    39 |     7 ||    52
       Greater Servant o |       |       |       |       |     1 |     1 ||     2
       Major Destruction |       |       |       |       |       |     1 ||     1
Evoke: Wand              |       |       |     7 |    40 |    89 |    11 ||   147
       Phial of floods   |       |       |       |     2 |     4 |     2 ||     8
       Box of beasts     |       |       |       |     1 |     3 |       ||     4
       Condenser vane    |       |       |       |     1 |     5 |     2 ||     8
  Use: Potion            |     1 |     2 |     1 |     1 |    10 |     1 ||    16
       Scroll            |       |     2 |    11 |    12 |    16 |     7 ||    48
 Stab: Sleeping          |     1 |     4 |     4 |     2 |     5 |       ||    16
       Paralysed         |       |       |       |     8 |       |       ||     8
       Distracted        |       |       |       |     4 |     8 |     1 ||    13
       Petrified         |       |       |       |       |     3 |       ||     3
       Confused          |       |       |       |       |     1 |       ||     1
Armor: Robe              |     9 |    21 |    21 |       |       |       ||    51
       Steam dragon scal |       |       |    15 |       |       |       ||    15
       Leather armour    |       |       |    15 |    31 |       |       ||    46
       Swamp dragon scal |       |       |       |    78 |   282 |   113 ||   473
       Skin              |       |       |       |       |     5 |       ||     5
Dodge: Dodged            |    31 |    54 |    98 |   193 |   405 |    88 ||   869
Block: Buckler           |       |       |       |       |    54 |    65 ||   119

Table legend: (Time is in decaauts)
 A = Elapsed time spent in this place.
 B = Non-inter-level travel time spent in this place.
 C = Inter-level travel time spent in this place.
 D = Time resting spent in this place.
 E = Time spent auto-exploring this place.
 F = Levels seen in this place.
 G = Mean time per level.
                   A        B        C        D        E       F      G
               +--------+--------+--------+--------+--------+-----+--------+
         Total |  43240 |  40369 |   2871 |  16624 |  16451 |  26 | 1663.1 |
       Dungeon |  27218 |  25155 |   2063 |  11243 |   9557 |  15 | 1814.5 |
          Lair |   8564 |   8001 |    563 |   2333 |   4221 |   6 | 1427.3 |
         Swamp |   2539 |   2497 |     42 |   1271 |    779 |   2 | 1269.5 |
  Orcish Mines |   4458 |   4257 |    201 |   1567 |   1784 |   2 | 2229.0 |
         Sewer |    460 |    460 |      0 |    210 |    109 |   1 |  460.0 |
               +--------+--------+--------+--------+--------+-----+--------+

Top non-repeatable levels by time:
   Orc:2: 3543 daAuts
    D:12: 3200 daAuts
    D:13: 2828 daAuts
    D:14: 2692 daAuts
  Lair:6: 2523 daAuts
    D:11: 2327 daAuts
    D:15: 2102 daAuts
 Swamp:1: 2056 daAuts
  Lair:2: 1938 daAuts
    D:10: 1932 daAuts
     D:2: 1657 daAuts
     D:8: 1624 daAuts
     D:1: 1573 daAuts
     D:6: 1548 daAuts
  Lair:3: 1546 daAuts
